[Event "*** Titled Tuesday Blitz"]
[Site "Chess.com"]
[Date "2018.11.06"]
[Round "9"]
[White "BIG_Pirate"]
[Black "xamax2000"]
[Result "0-1"]
[WhiteElo "2398"]
[BlackElo "2487"]
[TimeControl "180+2"]
[EndTime "15:06:33 PST"]
[Termination "xamax2000 won by resignation"]

1. Nf3 Nf6 2. c4 c5 3. Nc3 d5 4.
cxd5 Nxd5 5. Nxd5 Qxd5 6. g3 e5 7. d3 Bg4 8. Bg2 Nc6 9. O-O Qd7 10. Be3 Bd6 11. Rc1 Nd4 12. Bxd4 exd4 13. b4 cxb4 14. Nxd4 O-O 15. Qd2 Rfe8 16. Nf3 a5 17. Rc4 b5 18. Rd4 Rac8 19. h3 Be6 20. Ng5 h6 21. Nxe6 Qxe6 22.
Rd5 Rc3 23. e4 Rec8 24. Qe3 Rc2 25. Qb6 Bc5 26. Qxa5 Qf6 27. Rf5 Qb2 28. Qxb5 Qxa2 29. d4 Bf8 30. Rf3 R2c3 31. e5 Rd8 32. Rxc3 bxc3 33.
d5 c2 34. Qc6 Qb2 35. d6 c1=Q 36. Rxc1 Qxe5 37. Rd1 Bxd6 38. Qb6 Qe7 39. Qb1 Rb8 40.
Qd3 Bc5 41. Qd2 Qf6 42. Rf1 Rb2 43. Qe1 g6 44. Be4 Qe5 45. Kg2 Kg7 46. Bf3 Qxe1 47. Rxe1 Rxf2+ 48. Kh1 Rxf3 0-1

[Event "*** Titled Tuesday Blitz"]
[Site "Chess.com"]
[Date "2018.11.06"]
[Round "9"]
[White "PrascaR"]
[Black "JSMastropiero"]
[Result "1-0"]
[WhiteElo "2534"]
[BlackElo "2330"]
[TimeControl "180+2"]
[EndTime "15:06:38 PST"]
[Termination "PrascaR won by resignation"]

1. e4 c5 2. Nf3 g6 3. Nc3 Bg7 4.
d4 cxd4 5. Nxd4 Nc6 6. Be3 Nf6 7. Bc4 Qa5 8. O-O O-O 9. Nb3 Qc7 10. Bg5 a6 11. a3 e6 12. Be2 b5 13. Qd2 Bb7 14. Rad1 Rad8 15. Qf4 Qxf4 16. Bxf4 Ne8 17. Rd2 d6 18. Rfd1 Ne5 19. Na5 Ba8 20. Be3 Rc8 21.
Bd4 f5 22. exf5 gxf5 23. f4 Nc6 24. Nxc6 Bxd4+ 25. Nxd4 Rf6 26. Bf3 Bxf3 27. Nxf3 Rc4 28. g3 h6 29. Kf2 Kf7 30. Ne2 Ke7 31. c3 d5 32. Ne5 Rc7 33. Nd4 Nd6 34. Re2 Ne4+ 35.
Kg2 Kd6 36. Ndf3 Rg7 37. Nd2 Kc7 38. Nxe4 fxe4 39. Kf2 h5 40. a4 h4 41. axb5 axb5 42. Ra1 Kb6 43. b4 hxg3+ 44. hxg3 Rh6 45. g4 Rc7 46.
Ra3 Rh3 47. g5 Rch7 48. g6 Rg7 49. Rea2 Rh2+ 50. Ke3 Rxa2 51. Rxa2 Rc7 52. Kd4 e3 53. Rg2 1-0

[Event "*** Titled Tuesday Blitz"]
[Site "Chess.com"]
[Date "2018.11.06"]
[Round "9"]
[White "chessdjw"]
[Black "severomorskij"]
[Result "0-1"]
[WhiteElo "2604"]
[BlackElo "2711"]
[TimeControl "180+2"]
[EndTime "15:06:44 PST"]
[Termination "severomorskij won by resignation"]

1. d4 Nf6 2. Nf3 c5 3. d5 b5 4.
Bg5 Ne4 5. Bf4 g6 6. e3 Bg7 7. c3 b4 8. Nbd2 Nxd2 9. Qxd2 bxc3 10. bxc3 d6 11. Bb5+ Bd7 12. Be2 Qa5 13. Rc1 O-O 14.
O-O Bg4 15. Qc2 Nd7 16. h3 Bxf3 17. Bxf3 Rab8 18. Bg4 Nf6 19. Bf3 Rb6 20. Rb1 Rfb8 21.
Rb3 c4 22. Rxb6 Rxb6 23. e4 Nd7 24. Be3 Nc5 25. Bd4 Qa3 26. Rb1 Rxb1+ 27. Qxb1 Bxd4 28.
cxd4 Nd3 29. Be2 Qc3 30. Qb8+ Kg7 31. Kh2 Qxd4 32. Bf3 c3 33. Qb3 Nxf2 34. Qc2 Nd3 35. Be2 Nb4 36. Qc1 c2 37. a3 Qxe4 38. Bf3 Qe5+ 39.
Kh1 Nd3 40. Qxc2 Qa1+ 41. Kh2 Qe5+ 42. Kh1 Ne1 43. Qd1 Nxf3 44. Qxf3 f5 45. Qd3 a5 46. Qb5 Qc3 47. a4 Kf6 48. Qe2 Qa1+ 49. Kh2 Qe5+ 50. Qxe5+ Kxe5 51. Kg3 Kxd5 52. Kh4 e5 53. Kg5 e4 54. Kh6 e3 55. Kxh7 e2 56. Kxg6 e1=Q 57. h4 Qg3+ 0-1

[Event "*** Titled Tuesday Blitz"]
[Site "Chess.com"]
[Date "2018.11.06"]
[Round "9"]
[White "evgenysharapov"]
[Black "CarlssonLudvig"]
[Result "1-0"]
[WhiteElo "2405"]
[BlackElo "2277"]
[TimeControl "180+2"]
[EndTime "15:07:00 PST"]
[Termination "evgenysharapov won by resignation"]

1. c4 e6 2. Nf3 d5 3. cxd5 exd5 4. d4 c6 5. Nc3 Bd6 6. Bg5 Ne7 7. e3 f6 8. Bh4 O-O 9. Bg3 a6 10. Bd3 Bf5 11. O-O Bxg3 12. hxg3 Nd7 13. Rb1 Qc7 14. Qc2 Bxd3 15. Qxd3 Nc8 16. Rfc1 Qd8 17. Na4 Nd6 18. Nd2 Qe7 19. b4 b5 20. Nc5 Nc4 21. Nxc4 bxc4 22.
Qc2 Nxc5 23. bxc5 Rfb8 24. Rb6 Rxb6 25. cxb6 Rb8 26. Rb1 Qa3 27. e4 Qd3 28. Qxd3 cxd3 29. exd5 cxd5 30. Kf1 Kf7 31. Ke1 Ke7 32. Kd2 Kd6 33.
a4 a5 34. Rb5 Kc6 35. Rxa5 Rxb6 36. Rc5+ Kd6 37. Kxd3 Rb2 38. Rc2 Rb3+ 39. Rc3 Rb2 40. Ke3 Ra2 41. Rb3 Rxa4 42. Rb7 Ra3+ 43. Kf4 g6 44. Rxh7 Rd3 45. Rh6 Rxd4+ 46. Kf3 Re4 47. Rxg6 Ke5 48. Rg8 Kd6 49. g4 Re7 50. g5 fxg5 51.
Rxg5 Rf7+ 52. Ke3 Ra7 53. Rg8 Ra3+ 54. Kf4 Ra4+ 55. Kg3 d4 56. Rd8+ Ke5 57. f4+ Ke4 58.
Re8+ Kd3 59. Kg4 Kc2 60. Rc8+ Kd2 61. Rd8 d3 62. Kg5 Ke2 63. f5 d2 64. f6 Ra3 65.
f7 Rg3+ 66. Kh4 Rd3 67. Rxd3 1-0

[Event "*** Titled Tuesday Blitz"]
[Site "Chess.com"]
[Date "2018.11.06"]
[Round "9"]
[White "Vuk2000"]
[Black "TomsKantans"]
[Result "1-0"]
[WhiteElo "2678"]
[BlackElo "2490"]
[TimeControl "180+2"]
[EndTime "15:07:04 PST"]
[Termination "Vuk2000 won by resignation"]

1. d4 Nf6 2. Bg5 Ne4 3. Bf4 c5 4. f3 Nf6 5. dxc5 e5 6. Bxe5 Bxc5 7.
Bd4 Qb6 8. Bxc5 Qxc5 9. Nd2 d5 10. Nb3 Qe7 11. Qd2 O-O 12. e3 Re8 13. Bd3 Qxe3+ 14.
Qxe3 Rxe3+ 15. Kf2 Re7 16. Ne2 Nc6 17. c3 Ne5 18.
Rhd1 Be6 19. Nbd4 Rc8 20. Ng3 g6 21. Rd2 Kg7 22. Re1 Nfd7 23. f4 Ng4+ 24. Kg1 Kf8 25.
Rde2 Nc5 26. Bc2 Ree8 27. Nb5 Bd7 28. Rxe8+ Bxe8 29. Nd6 Rd8 30. Nxe8 Rxe8 31. Rxe8+ Kxe8 32. Nf1 Ke7 33. h3 Nf6 34. Kf2 Kd6 35. Ke3 a5 36.
Nh2 h5 37. Nf3 Ne6 38. Ne5 Nd8 39. Nf3 Nd7 40. f5 gxf5 41. Bxf5 Ne6 42. g4 hxg4 43.
Bxg4 b5 44. h4 Ne5 45. Bf5 Nc4+ 46. Ke2 Nxb2 47. h5 Na4 48. h6 Nf8 49. Kd2 Kc5 50. Ne5 b4 51. cxb4+ Kxb4 52. Nd7 Nxd7 53. Bxd7 Nc3 54.
h7 Nxa2 55. h8=Q a4 56. Qb2+ 1-0

[Event "*** Titled Tuesday Blitz"]
[Site "Chess.com"]
[Date "2018.11.06"]
[Round "9"]
[White "bascheyaro"]
[Black "sergeikim"]
[Result "1-0"]
[WhiteElo "2700"]
[BlackElo "2467"]
[TimeControl "180+2"]
[EndTime "15:07:07 PST"]
[Termination "bascheyaro won by resignation"]

1. d4 Nf6 2. Nf3 g6 3. c4 Bg7 4. Nc3 O-O 5. e4 d6 6. Be2 e5 7. dxe5 dxe5 8. Qxd8 Rxd8 9. Bg5 c6 10. Nxe5 Na6 11.
Nd3 Re8 12. f3 Be6 13. Nf4 Bc8 14. O-O-O h6 15. Bxf6 Bxf6 16. Nd3 Be6 17. e5 Be7 18.
b3 Nc5 19. f4 h5 20. g3 a5 21.
Nxc5 Bxc5 22. Kc2 Bf5+ 23. Bd3 Bg4 24. Rd2 Be3 25. Ne4 Bxd2 26. Nf6+ Kf8 27. Nxe8 Bxf4 28. Nc7 Rc8 29. gxf4 Rxc7 30. a3 b5 31. Kc3 Ke7 32.
Be4 Be6 33. Rd1 h4 34. Rd6 bxc4 35. bxc4 Bd7 36. c5 Be8 37. Bg2 Bd7 38. Bf3 Be8 39. Be4 Bd7 40. Kb3 Rb7+ 41. Ka4 Rb2 42. Kxa5 Rxh2 43. Kb6 Rb2+ 44. Kc7 Be8 45. Bxc6 Bxc6 46.
Kxc6 h3 47. Rd3 h2 48. Rh3 Ke6 49. a4 Kf5 50. Rh4 g5 51. fxg5 Kxg5 52. Rh8 Kf5 53.
Kd6 Rd2+ 54. Ke7 Kxe5 55. c6 Rc2 56. Kd7 Rd2+ 57. Kc8 Ra2 58. c7 Rxa4 59. Rxh2 Rc4 60. Kd7 f5 61. Rh5 Ke4 62. Kd6 f4 63. Rc5 Rxc5 64.
Kxc5 f3 65. c8=Q f2 66. Qh3 1-0

[Event "*** Titled Tuesday Blitz"]
[Site "Chess.com"]
[Date "2018.11.06"]
[Round "9"]
[White "LastGladiator1"]
[Black "jcibarra"]
[Result "1-0"]
[WhiteElo "2639"]
[BlackElo "2633"]
[TimeControl "180+2"]
[EndTime "15:07:14 PST"]
[Termination "LastGladiator1 won by checkmate"]

1. b4 e5 2. Bb2 Bxb4 3. Bxe5 Nf6 4. Nf3 O-O 5. e3 d5 6. Be2 c5 7. O-O Nc6 8. Bb2 Re8 9. d3 Bg4 10. Nbd2 Qd6 11. h3 Bh5 12. c4 Bxd2 13. Nxd2 Bxe2 14. Qxe2 Rad8 15. Rad1 Nd4 16. Bxd4 cxd4 17. Qf3 dxe3 18.
fxe3 dxc4 19. Nxc4 Qc7 20. e4 Nxe4 21. Rde1 Nf6 22. Rxe8+ Rxe8 23. Rb1 b6 24. a4 h5 25. Rb5 Re1+ 26. Kf2 Ra1 27. Rg5 Qh2 28. Qxf6 Qg1+ 29. Kg3 Qe1+ 30. Kh2 Qg1+ 31. Kg3 Qe1+ 32. Qf2 h4+ 33.
Kf3 Qd1+ 34. Qe2 Qxa4 35. Re5 Qc6+ 36. Kg4 Qg6+ 37. Kxh4 b5 38. Re8+ Kh7 39. Nd2 Ra4+ 40. g4 Qf6+ 41. Kg3 Qf4+ 42. Kg2 Ra2 43. Qe4+ Qxe4+ 44. dxe4 Rxd2+ 45. Kg3 b4 46. Rb8 a5 47. Rb5 Ra2 48. Kf4 Ra3 49. h4 b3 50. h5 a4 51.
g5 Ra2 52. Rb4 b2 53. Kf5 a3 54. g6+ fxg6+ 55. hxg6+ Kh6 56. Rb8 b1=Q 57. Rh8# 1-0

[Event "*** Titled Tuesday Blitz"]
[Site "Chess.com"]
[Date "2018.11.06"]
[Round "9"]
[White "hypert"]
[Black "2Tilted"]
[Result "1-0"]
[WhiteElo "2388"]
[BlackElo "2407"]
[TimeControl "180+2"]
[EndTime "15:07:25 PST"]
[Termination "hypert won by resignation"]

1. Nf3 Nf6 2. g3 c5 3. Bg2 d5 4.
O-O Nc6 5. d3 e5 6. e4 Be7 7.
Nc3 O-O 8. exd5 Nxd5 9. Nxe5 Nxc3 10. Nxc6 Nxd1 11. Nxd8 Nxb2 12. Nxb7 Rb8 13. Bxb2 Bxb7 14. Be5 Bxg2 15. Kxg2 Rb6 16. Rfb1 Bf6 17. Bxf6 Rxf6 18. Rb7 Ra6 19. a4 g6 20. a5 Rc8 21. h4 h5 22. Re1 Rxa5 23. Ree7 Rf8 24. Rxa7 Rxa7 25. Rxa7 Rc8 26. Kf3 Kg7 27. Rd7 Kf6 28. Ke4 Ke6 29.
Ra7 Rc6 30. Rb7 Rd6 31. Rc7 Rd4+ 32. Ke3 Rd5 33. f4 Rf5 34. Ke4 Kd6 35. Ra7 Ke6 36.
c3 Kd6 37. Ra6+ Kd7 38. Rb6 Kc7 39. Ra6 Kd7 40. d4 cxd4 41. cxd4 Ke7 42. d5 Kd7 43. Kd4 Ke7 44. Kc5 Kd7 45. Ra7+ Ke8 46. Kc6 f6 47.
Rg7 g5 48. fxg5 fxg5 49. Rxg5 Rf3 50. Kd6 Rf6+ 51. Ke5 Rf3 52. d6 Kd7 53. Rg7+ Kd8 54. Ke4 Ra3 55. Kf4 Ra5 56. Rg5 Ra4+ 57. Kf5 Ra3 58.
Kg6 Kd7 59. Kxh5 Kxd6 60. Kg6 Ke7 61. h5 Kf8 62. Kh7 Ra7+ 63. Kh8 Ra6 64. Rf5+ Ke8 65.
g4 Ra4 66. g5 Rh4 67. h6 Ke7 68. h7 Ke6 69. Rf6+ Ke7 70. Kg7 Rh5 71. h8=Q Rxg5+ 72. Rg6 Rf5 73. Qh4+ 1-0

[Event "*** Titled Tuesday Blitz"]
[Site "Chess.com"]
[Date "2018.11.06"]
[Round "9"]
[White "1random"]
[Black "MFBerna"]
[Result "0-1"]
[WhiteElo "2490"]
[BlackElo "2392"]
[TimeControl "180+2"]
[EndTime "15:07:27 PST"]
[Termination "MFBerna won by checkmate"]

1. e4 c6 2. d4 d5 3. Nc3 dxe4 4.
Nxe4 Nf6 5. Nxf6+ exf6 6. Bd3 Bd6 7. c3 O-O 8. Qc2 h6 9. Ne2 Qc7 10. h3 Nd7 11. O-O Re8 12. Bd2 Nf8 13. Rfe1 Bd7 14.
c4 c5 15. d5 Re7 16. Nc3 Rae8 17. Rxe7 Rxe7 18. Ne4 Bh2+ 19. Kh1 Be5 20. Re1 b6 21. f4 Bd6 22. Qd1 Ng6 23. Nxd6 Qxd6 24. Rxe7 Nxe7 25. Qh5 Nc8 26. Qe2 Ne7 27. g4 Ng6 28.
Qf3 Qe7 29. Kg1 Qd6 30. b3 Qe7 31. Kf2 f5 32. gxf5 Nh4 33. Qe4 Qf6 34. Qe5 Nxf5 35. Qxf6 gxf6 36. Bc3 Kg7 37. a3 Nd6 38. Kg3 Bf5 39.
Bxf5 Nxf5+ 40. Kg4 Kg6 41. b4 cxb4 42. axb4 Ne3+ 43.
Kf3 Nxc4 44. Kg4 h5+ 45. Kf3 Kf5 46. Bd4 a5 47. bxa5 bxa5 48. Bc3 a4 49. Ba1 a3 50. Bd4 a2 51. Ba1 Nd2+ 52. Ke2 Nb3 53. d6 Ke6 54. d7 Kxd7 55. Bxf6 Ke6 56. Be5 Kf5 57. Kd3 a1=Q 58. Bxa1 Nxa1 59. Ke3 Nc2+ 60. Kf3 h4 61. Ke2 Kxf4 62. Kf2 Ne3 63. Ke2 Nf5 64. Kf2 Nd4 65. Kg2 Ke3 66. Kh2 Kf2 67.
Kh1 f5 68. Kh2 f4 69. Kh1 f3 70. Kh2 Ke1 71. Kg1 f2+ 72. Kh2 Nf3+ 73. Kg2 f1=Q# 0-1

[Event "*** Titled Tuesday Blitz"]
[Site "Chess.com"]
[Date "2018.11.06"]
[Round "9"]
[White "nochewycandy"]
[Black "51616516516"]
[Result "1-0"]
[WhiteElo "2229"]
[BlackElo "2258"]
[TimeControl "180+2"]
[EndTime "15:07:38 PST"]
[Termination "nochewycandy won by resignation"]

1. e4 c5 2. Nf3 g6 3. d4 cxd4 4. Qxd4 Nf6 5. Bb5 Na6 6. e5 Ng8 7. O-O Bg7 8. Nc3 Nc7 9. Bc4 Nh6 10.
Re1 O-O 11. Bg5 Nf5 12. Qd2 h6 13. Bf4 g5 14. Bg3 d6 15. exd6 exd6 16. Rad1 Nxg3 17.
hxg3 d5 18. Nxd5 Nxd5 19. Bxd5 Bf5 20. c3 Qb6 21. Bb3 a5 22. Nd4 Bg6 23. Ne6 Rfe8 24. Nxg7 Kxg7 25. Rxe8 Rxe8 26. Bc4 a4 27. Qd7 Re5 28.
Qxa4 Rf5 29. Rd2 Re5 30. Qd7 Re1+ 31. Kh2 Qf6 32. Qd4 Qxd4 33. Rxd4 Rb1 34. Rd2 Rc1 35. f3 Rb1 36. a4 Ra1 37. Bb5 Bf5 38. Re2 Be6 39.
b4 b6 40. g4 Bb3 41. Rd2 Bxa4 42. Bxa4 Rxa4 43. Rd6 Ra3 44. c4 Rc3 45. Rc6 Rc2 46. Kg3 Rc3 47. Kf2 Rc2+ 48. Ke3 Rxg2 49. Rxb6 f5 50.
gxf5 h5 51. b5 h4 52. Rg6+ Kh7 53. b6 h3 54. b7 Rb2 55. Rxg5 h2 56. Rh5+ Kg7 57.
Rxh2 Rxb7 58. Rd2 Kf6 59. Rd5 Rb3+ 60. Ke4 Rc3 61. Kd4 Rxf3 62. Kc5 Rxf5 63. Rxf5+ Kxf5 64. Kd6 1-0

[Event "*** Titled Tuesday Blitz"]
[Site "Chess.com"]
[Date "2018.11.06"]
[Round "9"]
[White "eljanov"]
[Black "NTBT_DHS"]
[Result "1-0"]
[WhiteElo "2841"]
[BlackElo "2761"]
[TimeControl "180+2"]
[EndTime "15:07:45 PST"]
[Termination "eljanov won by resignation"]

1. d4 Nf6 2. Nf3 g6 3. Bg5 Bg7 4. Nbd2 h6 5. Bh4 d6 6. c3 g5 7. Bg3 Nh5 8. e4 Nc6 9. Bb5 Bd7 10. Qe2 a6 11. Bc4 Nxg3 12. hxg3 e6 13. Nf1 b5 14. Bd3 Ne7 15. e5 Bc6 16. Be4 dxe5 17. Nxe5 Bxe4 18. Qxe4 Qd5 19. Nd2 f6 20. Nd3 O-O-O 21. Nc5 e5 22.
Qxd5 Rxd5 23. Ne6 Bf8 24. Nb3 Nc6 25. O-O-O Be7 26. dxe5 Rxe5 27. Rhe1 Bd6 28. Ned4 Nxd4 29. Nxd4 Rhe8 30. Rxe5 Rxe5 31. g4 Bc5 32. f3 Kb7 33. Kc2 Re3 34. Nf5 Re2+ 35. Rd2 Re1 36. Nxh6 Be3 37.
Rd1 Rxd1 38. Kxd1 c5 39. Ng8 b4 40. Nxf6 bxc3 41. bxc3 Kc6 42. c4 Kd6 43. Ke2 Bd4 44. Ne4+ Ke5 45. Nxg5 Bb2 46. Kd3 a5 47. g3 a4 48. f4+ Kd6 49. Ke4 Bd4 50. Nf7+ Ke6 51. Ne5 Bf2 52. Kf3 Bd4 53. g5 Bc3 54. Ke4 Bd4 55. g4 Bb2 56. f5+ Kd6 57. g6 Bxe5 58.
g5 Bb2 59. f6 Ke6 60. g7 Kf7 61. Kf5 a3 62. Kg4 Bc3 63. Kh5 Kg8 64. Kh6 Be5 65. Kg6 Bxf6 66. Kxf6 Kh7 67. g8=Q+ Kxg8 68. Kg6 Kh8 69. Kf5 Kg8 70. Ke5 Kg7 71. Kd5 Kg6 72.
Kxc5 Kxg5 73. Kb6 Kf5 74. c5 Ke6 75. c6 1-0

[Event "*** Titled Tuesday Blitz"]
[Site "Chess.com"]
[Date "2018.11.06"]
[Round "9"]
[White "Koksik_13"]
[Black "TigranLPetrosyan"]
[Result "1-0"]
[WhiteElo "2744"]
[BlackElo "2831"]
[TimeControl "180+2"]
[EndTime "15:08:02 PST"]
[Termination "Koksik_13 won by resignation"]

1. e4 g6 2. d4 Bg7 3. Nc3 a6 4. Nf3 b5 5. Be2 Bb7 6. O-O e6 7. a3 d6 8. Bg5 Ne7 9. Qd2 h6 10.
Be3 Nd7 11. Rad1 Nb6 12. Rfe1 d5 13. exd5 Nexd5 14. Nxd5 Nxd5 15. c4 Nxe3 16. Qxe3 O-O 17. Ne5 bxc4 18. Bxc4 Qd6 19. b4 a5 20. b5 Rad8 21.
h3 Rfe8 22. a4 Qb4 23. Bb3 Bf6 24. Bc2 Bg5 25. Qd3 Re7 26. Bb3 Kg7 27. Bc2 Bf6 28. Qg3 Kg8 29. Qf4 Bg7 30. Qd2 Qxd2 31. Rxd2 Bd5 32.
f4 g5 33. fxg5 hxg5 34. Be4 f6 35. Bxd5 fxe5 36. Bb3 exd4 37. Rxe6 Rxe6 38. Bxe6+ Kf8 39. Bf5 Ke7 40. Rc2 Be5 41. Bd3 Kd6 42. Rc6+ Kd5 43. Kf2 Re8 44. Bg6 Re7 45. Bd3 Bf4 46. Bc4+ Ke4 47.
Rc5 Rd7 48. Be6 d3 49. Rc4+ Rd4 50. Bf5+ Kd5 51. Be6+ Ke5 52. g3 d2 53. gxf4+ Rxf4+ 54. Ke2 Rf2+ 55. Kd1 Kxe6 56. Rxc7 Rf4 57. b6 Rxa4 58.
b7 Rb4 59. Kxd2 a4 60. Kc3 Rb3+ 61. Kc4 Kf5 62. Rc5+ Kf4 63. Rb5 Rxb5 64. Kxb5 1-0

[Event "*** Titled Tuesday Blitz"]
[Site "Chess.com"]
[Date "2018.11.06"]
[Round "9"]
[White "Barcelona_Guy"]
[Black "santosalberto1987"]
[Result "1/2-1/2"]
[WhiteElo "2475"]
[BlackElo "2405"]
[TimeControl "180+2"]
[EndTime "15:08:09 PST"]
[Termination "Game drawn by agreement"]

1. e4 e6 2. d3 d5 3. Nd2 Nf6 4.
Ngf3 Nc6 5. g3 dxe4 6. dxe4 e5 7.
Bg2 Bc5 8. O-O O-O 9. Qe2 a5 10. Nb3 Bd6 11. a4 b6 12. Rd1 Ba6 13. Qe1 Qe7 14.
Nh4 Qe6 15. Nf5 Ne7 16. Nxd6 cxd6 17. Be3 Nd7 18. Qd2 Nc8 19. Ra3 Bb7 20. Nc1 Nc5 21.
f3 Rd8 22. Ne2 d5 23. Bxc5 bxc5 24. exd5 Rxd5 25. Rd3 Nb6 26. Nc3 Nc4 27. Qe2 Rxd3 28. Qxd3 Nxb2 29. Qd8+ Qe8 30. Qxe8+ Rxe8 31. Rb1 Nxa4 32. Nxa4 Bc6 33. Nxc5 a4 34. Kf2 Rc8 35. Ke3 f6 36. Nd3 Bd5 37. Nb4 Bc4 38. f4 exf4+ 39. gxf4 a3 40. Kd4 Be6 41. Bd5 Bxd5 42. Kxd5 Kf7 43. Ra1 Rc3 44. Kd4 Rh3 45. c4 Rxh2 46.
Rxa3 Rh4 47. Nd3 g5 48. c5 gxf4 49. c6 Ke6 50. c7 Kd7 51. Rc3 Kc8 52. Kd5 f3 53.
Nf2 f5 54. Ke5 Ra4 55. Nd3 Ra7 56. Kd6 Ra6+ 57. Ke5 Ra7 58. Nf2 Rxc7 59. Rxf3 Rc5+ 60. Kd6 Ra5 61. Nd3 Kd8 62. Nc5 Ra1 63. Re3 Rd1+ 64.
Kc6 Rc1 65. Rf3 Ke7 66. Rxf5 Rc2 67. Kd5 Rd2+ 68. Ke5 Re2+ 69. Ne4 Re1 70. Rf6 Rxe4+ 71. Kxe4 Kxf6 72. Kf3 Kg5 73. Kg2 1/2-1/2

[Event "*** Titled Tuesday Blitz"]
[Site "Chess.com"]
[Date "2018.11.06"]
[Round "9"]
[White "saikrishnaReturns"]
[Black "Ramosha"]
[Result "0-1"]
[WhiteElo "2600"]
[BlackElo "2494"]
[TimeControl "180+2"]
[EndTime "15:08:13 PST"]
[Termination "Ramosha won by resignation"]

1. e4 e6 2. d4 d5 3. Nc3 Nf6 4. Bg5 dxe4 5. Nxe4 Nbd7 6. Nf3 h6 7. Bxf6 Nxf6 8.
Nxf6+ gxf6 9. Bd3 c5 10. O-O cxd4 11. Nxd4 Bd7 12. Re1 Qb6 13. c3 O-O-O 14. Qh5 Be8 15. a4 Qc5 16. Qf3 f5 17. a5 Bc6 18. Nxc6 Qxc6 19. Qe2 Rg8 20. f3 Bc5+ 21. Kh1 Rg5 22. b4 Bd6 23. b5 Qc5 24. b6 a6 25. Bxa6 bxa6 26. Qxa6+ Kd7 27. Qb7+ Ke8 28. f4 Bxf4 29. Red1 Rxd1+ 30. Rxd1 Kf8 31. a6 Rh5 32. g3 Bxg3 33. Qg2 Bxh2 34. Qf3 Rh4 35. Rd4 Bf4+ 36. Kg2 Rg4+ 37. Qxg4 fxg4 38. a7 Qc6+ 39. Kf1 Qf3+ 40.
Ke1 Qxc3+ 41. Kf1 Qf3+ 42. Ke1 Qe3+ 43. Kf1 Qf3+ 44. Ke1 Qc3+ 45. Kf1 Qa1+ 46. Ke2 Kg7 47. Rd8 Qa6+ 48. Kd1 Qf1+ 49. Kc2 Qc1+ 50. Kb3 Qb1+ 51. Kc4 Qxb6 52. a8=Q Qb2 53. Rg8+ Kh7 54. Rf8 Qe2+ 55. Kc5 Be3+ 56. Kd6 Qd3+ 57. Kc7 Bf4+ 58. Kb6 Qb3+ 59. Kc6 Qf3+ 60. Kc5 Qxa8 61. Rxa8 Kg6 62. Kd4 f5 63. Kd3 h5 64. Ke2 h4 65. Kf1 h3 66. Kg1 Kg5 67. Rg8+ Kf6 68. Rf8+ Kg5 69. Rg8+ Kh4 70. Rh8+ Kg3 71.
Re8 e5 72. Rf8 Be3+ 73. Kh1 Kf4 74. Kh2 Ke4 75. Ra8 Bf2 76. Ra4+ Kd5 77. Ra5+ Ke4 78. Ra4+ Kf3 79. Ra3+ Kf4 80. Ra2 Be3 81. Ra1 Kg5 82. Ra5 Bd4 83. Ra8 f4 84. Rg8+ Kf5 85. Rg7 Bf2 86.
Rf7+ Ke4 87. Rb7 Kf3 88. Rb3+ Be3 89. Ra3 g3+ 90. Kxh3 g2 91. Ra1 g1=Q 92. Ra2 Qh1+ 93. Rh2 Qb1 94. Rc2 Qxc2 0-1

[Event "*** Titled Tuesday Blitz"]
[Site "Chess.com"]
[Date "2018.11.06"]
[Round "9"]
[White "nubair1198"]
[Black "OparinGrigoriy"]
[Result "0-1"]
[WhiteElo "2591"]
[BlackElo "2927"]
[TimeControl "180+2"]
[EndTime "15:08:21 PST"]
[Termination "OparinGrigoriy won by resignation"]

1. d4 Nf6 2. c4 e6 3. Nc3 Bb4 4. Qc2 d6 5. Bd2 Nbd7 6. Nf3 O-O 7. a3 Bxc3 8. Bxc3 c5 9. dxc5 Nxc5 10. g3 e5 11. Bg2 Qe7 12. b4 Nce4 13. Bb2 Be6 14.
Nh4 Rac8 15. c5 Ng5 16. Nf5 Qd7 17. Nxd6 Qxd6 18. Qc1 Qc7 19. Qxg5 Nd7 20. O-O f6 21. Qe3 Rfd8 22. Rfd1 Nb8 23. h4 Nc6 24. h5 h6 25.
Be4 Ne7 26. Qf3 b6 27. Rxd8+ Rxd8 28. Rc1 bxc5 29. Rxc5 Rd1+ 30. Kg2 Qd7 31. Bc2 Rd2 32.
Qa8+ Kf7 33. Qf3 Nf5 34. Bc1 Rxc2 35. Rxc2 Nd4 36. Qd3 Qb7+ 37. Kg1 Nxc2 38. Qxc2 a6 39. f3 e4 40. Qxe4 Qb5 41. g4 Bd5 42. Qg6+ Kf8 43. Kf2 Qc4 44. Qd3 Qxd3 45. exd3 Bc6 46. f4 Kf7 47.
Ke3 Bd7 48. Kf3 Bc6+ 49. Kg3 Bb5 50. d4 Bc6 51. Kf2 Bd7 52. Kf3 Bc6+ 53. Ke3 Bd7 54. f5 Bc6 55. Kd3 Bf3 56. a4 Bxg4 57. b5 axb5 58.
axb5 Bxf5+ 59. Kc4 Ke7 60. Kc5 Kd7 61. b6 Bg4 62. d5 Bxh5 63. Bf4 Kc8 64. Kc6 Be8+ 65. Kd6 g5 66. Ke7 Ba4 67. Be3 f5 68. Kf6 f4 69. Bf2 g4 70. Ke5 g3 71. Bd4 f3 72.
Kf4 f2 73. b7+ Kxb7 74. Kxg3 0-1

[Event "*** Titled Tuesday Blitz"]
[Site "Chess.com"]
[Date "2018.11.06"]
[Round "9"]
[White "sandager"]
[Black "andrzej"]
[Result "0-1"]
[WhiteElo "2115"]
[BlackElo "2254"]
[TimeControl "180+2"]
[EndTime "15:08:22 PST"]
[Termination "andrzej won by resignation"]

1. e4 c6 2. Nf3 d5 3. Nc3 Nf6 4.
e5 Ne4 5. d4 Bg4 6. Bd3 Nxc3 7.
bxc3 e6 8. O-O Be7 9. h3 Bh5 10.
Re1 Qa5 11. c4 Bxf3 12. gxf3 Bb4 13. Re3 Bc3 14. Rb1 Bxd4 15. Re2 Bb6 16. cxd5 cxd5 17.
Bb5+ Nc6 18. a4 Qc3 19. Rb3 Qd4 20. Rd3 Qh4 21. Kg2 O-O 22. f4 Ne7 23. Rg3 Nf5 24. Rg4 Qh5 25. Be3 Bxe3 26. fxe3 Rac8 27. Kh2 Kh8 28. Bd3 Nh6 29. Rg3 f5 30. Qg1 Rc7 31. Rg5 Qf7 32. Reg2 Rg8 33. Qf2 Qf8 34. Qh4 Nf7 35. Rh5 Nh6 36. Rhg5 Rf7 37. a5 a6 38. Qh5 Qe8 39. Be2 Re7 40. Qh4 Qf8 41. Bh5 Qc8 42. Bg6 Rf8 43. Rh5 Qc7 44.
Rhg5 hxg6 45. Rxg6 Kh7 46. Qh5 Ref7 47. Rxh6+ gxh6 48. Qg6+ Kh8 49. Qxe6 Qe7 50. Qxh6+ Rh7 51. Qg6 Rg7 52.
Qh6+ Kg8 53. Rg5 Rxg5 54. fxg5 Qxe5+ 55. Kg2 Qe4+ 56. Kf2 Qxc2+ 57. Kg3 Qc3 58. Qg6+ Qg7 59. Qe6+ Kh7 60. h4 d4 61. exd4 f4+ 62. Kg4 f3 63. h5 f2 64. g6+ Kh8 65. Kg5 f1=Q 66. h6 Qf4+ 67. Kh5 0-1

[Event "*** Titled Tuesday Blitz"]
[Site "Chess.com"]
[Date "2018.11.06"]
[Round "9"]
[White "VerdeNotte"]
[Black "VladimirPotkin"]
[Result "1-0"]
[WhiteElo "2827"]
[BlackElo "2652"]
[TimeControl "180+2"]
[EndTime "15:08:28 PST"]
[Termination "VerdeNotte won on time"]

1. a3 d5 2. Nf3 Nf6 3. b4 Bg4 4. Ne5 Bf5 5. Bb2 Nbd7 6. Nf3 e6 7. g3 Bd6 8. Bg2 O-O 9. O-O Qe7 10. d3 a5 11. c3 e5 12. Nh4 Bg4 13. h3 Be6 14. e4 dxe4 15. dxe4 Nb6 16. Nf5 Bxf5 17. exf5 e4 18.
Qe2 c5 19. bxc5 Bxc5 20. Kh2 Rfe8 21. Nd2 Na4 22. Nb3 Nxb2 23. Qxb2 Bb6 24. Rab1 Rac8 25. Nd4 Bxd4 26. cxd4 Rc7 27. Qb6 Rd7 28. Qxa5 Rxd4 29.
Rfd1 Rxd1 30. Rxd1 h5 31. Qb6 Qxa3 32. Qxb7 Qc5 33. Qb2 Qxf5 34. Qb6 h4 35. Rd8 Rxd8 36. Qxd8+ Kh7 37. Qd4 hxg3+ 38. fxg3 Qe6 39. Qe3 Qe5 40. Kg1 g6 41. Kf2 Kg7 42. g4 g5 43. Kf1 Qf4+ 44.
Ke2 Qh2 45. Qxg5+ Kf8 46. Kf2 Qd6 47. Qh6+ Ke7 48. Qe3 Qe5 49. g5 Nd5 50. Qxe4 Qxe4 51. Bxe4 Nf4 52. Kg3 Ne6 53. h4 Kf8 54. Bd5 Nd4 55. Kf4 Kg7 56. h5 Ne2+ 57. Kf5 Ng3+ 58. Kg4 Ne2 59. h6+ Kf8 60. Kf5 Ng3+ 61. Kf4 Ne2+ 62.
Ke5 Ng3 63. Bc4 Nh5 64. Bd3 f6+ 65. Kf5 fxg5 66. Bc4 g4 67. Kxg4 Nf6+ 68. Kf5 Nd7 69. Be6 Nc5 70. Kg6 Nxe6 71. h7 Nf4+ 72. Kh6 1-0

[Event "*** Titled Tuesday Blitz"]
[Site "Chess.com"]
[Date "2018.11.06"]
[Round "9"]
[White "champ2005"]
[Black "731291"]
[Result "0-1"]
[WhiteElo "2734"]
[BlackElo "2597"]
[TimeControl "180+2"]
[EndTime "15:08:28 PST"]
[Termination "731291 won by resignation"]

1. e4 e6 2. d4 d5 3. Nc3 Nf6 4. Bg5 Bb4 5. e5 h6 6. Bd2 Bxc3 7. bxc3 Ne4 8. Qg4 Kf8 9. Bd3 Nxd2 10. Kxd2 c5 11. Nf3 c4 12. Be2 Nc6 13. h4 b5 14. a3 a5 15. h5 Rb8 16. Qf4 Qe7 17.
Nh4 Ke8 18. Qg4 Rg8 19. Rhb1 Kd8 20. f4 Kc7 21. Nf3 Bd7 22. Qh4 f6 23. Qg3 fxe5 24.
fxe5 b4 25. axb4 axb4 26. Qe1 bxc3+ 27. Ke3 Rxb1 28. Rxb1 Qa3 29. Bd1 Rb8 30. Rxb8 Kxb8 31.
Be2 Qb2 32. Bd1 Nb4 33. Qe2 Be8 34. g4 Ba4 35. Ne1 Qc1+ 36. Kf3 Qd2 37. Kf2 Qxd4+ 38. Kf1 Qf4+ 39. Kg1 Nc6 40. Nf3 Qxg4+ 41. Kf1 Qxh5 42. Qf2 Qh1+ 43. Ke2 Kb7 44. Qc5 Qg2+ 45. Ke3 Bxc2 46.
Bxc2 Qxc2 47. Qxc6+ Kxc6 48. Nd4+ Kc5 49. Nxc2 h5 50.
Nd4 h4 51. Nxe6+ Kc6 52. Nd4+ Kd7 53. Kf4 g5+ 54. Kg4 Ke7 55. Kh3 Kf7 56. Kg4 Kg6 57. Nc2 h3 58. Kxh3 Kf5 59. Kg3 Kxe5 60. Kf3 d4 61.
Nb4 d3 62. Ke3 c2 63. Kd2 g4 64. Nc6+ Ke4 65. Nd8 g3 66. Ne6 g2 67. Ng5+ Kf4 68.
Nh3+ Kg3 69. Ng1 Kf2 70. Nh3+ Kf1 71. Kc1 g1=Q 72. Nxg1 Kxg1 73. Kd2 Kf2 74. Kc1 Ke3 75. Kb2 Kd2 76. Ka2 c3 77. Kb3 c1=Q 78. Kc4 Qb2 79.
Kd5 Qb4 80. Ke6 Qc5 0-1